[Event "Team 45 45 League T61"]
[Site "Internet Chess Club"]
[Date "2014.07.05"]
[Round "6"]
[White "primerpaso"]
[Black "SaltofLife"]
[Result "1/2-1/2"]
[WhiteElo "1946"]
[BlackElo "1950"]
[Opening "English opening"]
[ECO "A13"]
[Time "15:33:02"]
[TimeControl "2700+45"]

1. c4 e6 2. Nc3 d5 3. cxd5 exd5 4. d4 c6 5. Nf3 Bf5 6. g3 Nf6 7. Bg2 Bd6 8. O-O
Nbd7 9. Bf4 Bxf4 10. gxf4 Ne4 11. Ne5 Nd6 12. e3 O-O 13. Kh1 Qh4 14. Qf3 Nf6 15.
Qg3 Qxg3 16. hxg3 h5 17. Bf3 g6 18. Kg2 Kg7 19. Rh1 Ng4 20. Rh4 Nh6 21. Rd1 f6
22. Nd3 Bg4 23. Bxg4 Nxg4 24. Rhh1 Rfe8 {Game drawn by mutual agreement} 1/2-1/2

[Event "Team 45 45 League T61"]
[Site "Internet Chess Club"]
[Date "2014.07.05"]
[Round "6"]
[White "RubberDuck"]
[Black "Baseta"]
[Result "1-0"]
[WhiteElo "1925"]
[BlackElo "1823"]
[Opening "QGD: Orthodox defense, Swiss (Henneberger) variation"]
[ECO "D63"]
[Time "14:00:26"]
[TimeControl "2700+45"]

1. d4 Nf6 2. c4 e6 3. Nc3 d5 4. Bg5 Nbd7 5. e3 Be7 6. Nf3 O-O 7. Rc1 a6 8. Bd3
dxc4 9. Bxc4 b5 10. Bd3 c5 11. O-O Bb7 12. Re1 Qa5 13. a3 b4 14. axb4 cxb4 15.
Ra1 Qb6 16. Na4 Qd8 17. e4 Rc8 18. b3 Nb6 19. Nb2 Ra8 20. h3 h6 21. Bf4 Re8 22.
Qe2 Bf8 23. Rec1 Rc8 24. Rxc8 Qxc8 25. Rc1 Qa8 26. Nd2 Rd8 27. Bc7 Rc8 28. Rc2
Qa7 29. Qe3 Nbd7 30. Bh2 Rxc2 31. Bxc2 a5 32. Ndc4 Bc6 33. f3 Bb5 34. Bf4 Qa6
35. Bd3 Nb6 36. Nxb6 Qxb6 37. Bxb5 Qxb5 38. Qc1 g5 39. Be3 Nh5 40. Kf2 Bd6 41.
e5 Bb8 42. Qc8+ Kg7 43. Qc4 Qd7 44. Nd3 Ba7 45. Nc5 Qc6 46. g3 Kf8 47. h4 Bxc5
48. Qxc5+ Qxc5 49. dxc5 Ke7 50. hxg5 hxg5 51. c6 a4 52. Bxg5+ Ke8 53. bxa4 b3
54. Bc1 Kd8 55. g4 Nf4 56. Ke3 Nd5+ 57. Kd3 Nb4+ 58. Kc4 Nxc6 59. f4 Kc7 60.
Kxb3 Nd4+ 61. Kc4 Nf3 62. a5 Nh2 63. g5 Nf3 64. Be3 Nh4 65. Kb5 Ng6 66. a6 Ne7
67. Bc5 Nd5 68. Bd6+ Kc8 69. Kc6 Nc7 70. Bxc7 {Black resigns} 1-0

[Event "Team 45 45 League T61"]
[Site "Internet Chess Club"]
[Date "2014.07.08"]
[Round "6"]
[White "Portola"]
[Black "jonesey"]
[Result "0-1"]
[WhiteElo "1760"]
[BlackElo "1865"]
[Opening "Queen's pawn"]
[ECO "A40"]
[Time "19:04:59"]
[TimeControl "2700+45"]

1. d4 e6 2. Nf3 f5 3. Bf4 Nf6 4. h3 d5 5. Nbd2 Bd6 6. Ne5 c5 7. dxc5 Bxc5 8. e3
Nc6 9. c3 Nxe5 10. Bxe5 Qb6 11. Bxf6 gxf6 12. Nb3 h5 13. Be2 h4 14. Bh5+ Ke7 15.
Nxc5 Qxc5 16. Bf3 Bd7 17. O-O Rhg8 18. a4 Bc6 19. Qb3 d4 20. Bxc6 Qxc6 21. Qb4+
Kf7 22. f3 dxe3 23. Qxh4 Rh8 24. Qe1 f4 25. Qe2 Rag8 26. Kh2 Rg5 27. a5 Rd8 28.
Rad1 Rgd5 29. Qc2 f5 30. Rfe1 Rd2 31. Qb3 Qxf3 32. Rxd2 Rxd2 33. Rg1 Qd5 34. c4
Qe4 35. Qc3 f3 36. Kg3 e5 37. Kh2 Qf4+ 38. Kh1 fxg2+ 39. Rxg2 Qf1+ 40. Rg1 Qxh3#
{White checkmated} 0-1

[Event "Team 45 45 League T61"]
[Site "Internet Chess Club"]
[Date "2014.07.04"]
[Round "6"]
[White "Salvatore"]
[Black "Heian"]
[Result "0-1"]
[WhiteElo "1590"]
[BlackElo "1849"]
[Opening "Queen's pawn: Chigorin variation"]
[ECO "D00"]
[Time "18:03:25"]
[TimeControl "2700+45"]

1. d4 d5 2. Nc3 e6 3. Nf3 f5 4. Bg5 Be7 5. h4 Nd7 6. Qd2 Ngf6 7. O-O-O O-O 8.
Ne5 Nxe5 9. dxe5 Ne4 10. Nxe4 fxe4 11. Bxe7 Qxe7 12. e3 a6 13. g4 c5 14. g5 Bd7
15. Bh3 Be8 16. Rhg1 Bh5 17. Rde1 b5 18. Bg4 Bxg4 19. Rxg4 Rf3 20. Reg1 Raf8 21.
R1g2 R8f5 22. Rf4 b4 23. Rxf5 Rxf5 24. Qe2 c4 25. Qh5 Rxe5 26. f4 exf3 27. Qxf3
Rf5 28. Qg3 e5 29. Qg4 Qf8 30. Rg1 Rf1+ 31. Rxf1 Qxf1+ 32. Qd1 Qxd1+ 33. Kxd1
Kf7 34. Ke2 Ke6 35. Kf3 Kf5 36. c3 bxc3 37. bxc3 g6 38. a3 Ke6 39. Kg4 Kd6 40.
h5 Kc5 41. hxg6 hxg6 42. Kf3 d4 43. exd4+ exd4 44. cxd4+ Kxd4 45. Ke2 Kc3 46.
Kd1 Kb2 {White resigns} 0-1

[Event "Team 45 45 League T61"]
[Site "Internet Chess Club"]
[Date "2014.07.07"]
[Round "6"]
[White "chess09"]
[Black "cond"]
[Result "0-1"]
[WhiteElo "1954"]
[BlackElo "1993"]
[Opening "Bogo-Indian defense, Nimzovich variation"]
[ECO "E11"]
[Time "22:01:49"]
[TimeControl "2700+45"]

1. d4 Nf6 2. c4 e6 3. Nf3 Bb4+ 4. Bd2 Qe7 5. g3 Nc6 6. Bg2 Bxd2+ 7. Qxd2 Ne4 8.
Qc2 Qb4+ 9. Nc3 Nxc3 10. Qxc3 Qxc3+ 11. bxc3 b6 12. Rb1 Bb7 13. c5 Ke7 14. Kd2
Na5 15. cxb6 axb6 16. Rb4 Nc6 17. Rb2 Na5 18. Kc1 Nc4 19. Rc2 Na3 20. Rb2 Nc4
21. Rb4 Bd5 22. Kb1 Ra3 23. Rb3 Be4+ 24. Kc1 Rxa2 25. Rb1 Rha8 26. Ne5 Rc2+ 27.
Kd1 Nb2+ 28. Ke1 Bxg2 29. Rg1 Bd5 30. f3 f6 31. Ng4 Bc4 32. Rg2 Ra2 33. Ne3 Rxc3
34. Nxc4 Nxc4 35. g4 Nd2 36. Rg3 Nxb1 {White resigns} 0-1

[Event "Team 45 45 League T61"]
[Site "Internet Chess Club"]
[Date "2014.07.05"]
[Round "6"]
[White "KnightOfLight"]
[Black "Nathan-L"]
[Result "1-0"]
[WhiteElo "1659"]
[BlackElo "1845"]
[Opening "Trompowsky attack (Ruth, Opocenský opening)"]
[ECO "A45"]
[Time "09:00:33"]
[TimeControl "2700+45"]

1. d4 Nf6 2. Bg5 e6 3. e4 Be7 4. Bxf6 Bxf6 5. Nf3 d5 6. Nc3 O-O 7. Bd3 c5 8. e5
Be7 9. dxc5 Bxc5 10. Na4 Be7 11. c3 Bd7 12. b4 Bxa4 13. Qxa4 Qc7 14. Qc2 h6 15.
O-O Nd7 16. Rfe1 Rac8 17. Rac1 Qb6 18. Qb3 Rc7 19. a4 Rfc8 20. a5 Qc6 21. Nd4
Nc5 22. bxc5 Qxc5 23. Nb5 Rc6 24. Ra1 a6 25. Nd4 R6c7 26. Ne2 Bg5 27. Qb6 Qxb6
28. axb6 Rc6 29. Reb1 Bd2 30. g3 Bxc3 31. Nxc3 Rxc3 32. Bxa6 bxa6 33. b7 {Black
resigns} 1-0

[Event "Team 45 45 League T61"]
[Site "Internet Chess Club"]
[Date "2014.07.07"]
[Round "6"]
[White "Stiltzkin"]
[Black "clarinetref"]
[Result "1/2-1/2"]
[WhiteElo "1776"]
[BlackElo "1597"]
[Opening "Modern defense: Averbakh system"]
[ECO "A40"]
[Time "12:36:15"]
[TimeControl "2700+45"]

1. d4 g6 2. c4 Bg7 3. e4 d6 4. Nc3 b6 5. f4 Bb7 6. Nf3 Nd7 7. Be2 e6 8. Qc2 Ne7
9. Be3 O-O 10. b4 c5 11. b5 cxd4 12. Bxd4 e5 13. fxe5 dxe5 14. Be3 Qc7 15. Rc1
Rac8 16. O-O Nc5 17. Nd5 Qd6 18. Rfd1 Qe6 19. Bg5 f6 20. Be3 f5 21. Bg5 Nxd5 22.
exd5 Qd6 23. Be3 Bf6 24. Kh1 {Game drawn by mutual agreement} 1/2-1/2

[Event "Team 45 45 League T61"]
[Site "Internet Chess Club"]
[Date "2014.07.06"]
[Round "6"]
[White "drsigmund1"]
[Black "mattp108"]
[Result "1/2-1/2"]
[WhiteElo "1565"]
[BlackElo "1640"]
[Opening "Queen's bishop game"]
[ECO "D00"]
[Time "20:30:49"]
[TimeControl "2700+45"]

1. d4 d5 2. Bf4 Nf6 3. Nf3 c5 4. c3 Nc6 5. e3 Qb6 6. Qb3 c4 7. Qc2 Bg4 8. Nbd2
e6 9. Be2 Be7 10. h3 Bf5 11. Qc1 h6 12. O-O O-O 13. Ne5 Nxe5 14. dxe5 Ne4 15.
Nf3 Nc5 16. Ne1 Na4 17. Bd1 Nxb2 18. Bc2 Bxc2 19. Qxc2 Nd3 20. Nxd3 cxd3 21.
Qxd3 Qc6 22. Rfc1 Rac8 23. a4 Qc4 24. Qd4 Qa6 25. e4 Rc4 26. Qd3 dxe4 27. Qd7
Bc5 28. Qb5 Qxb5 29. axb5 Rd8 30. Be3 Bxe3 31. fxe3 Rd5 32. Rcb1 Rcc5 33. Rxa7
Rxb5 34. Rxb7 Rxb1+ 35. Rxb1 Rd3 36. Rc1 Kf8 37. Kf2 Ke7 38. c4 Kd7 39. c5 Kc6
40. Rc4 Rd2+ 41. Kg3 Kd5 42. Rd4+ Rxd4 43. exd4 f5 44. Kf4 g5+ 45. Ke3 f4+ 46.
Ke2 h5 47. Kf2 g4 48. hxg4 hxg4 49. Ke2 f3+ 50. gxf3 exf3+ 51. Kf2 Kc6 52. Kg3
Kd5 53. Kf2 {Game drawn by mutual agreement} 1/2-1/2

[Event "Team 45 45 League T61"]
[Site "Internet Chess Club"]
[Date "2014.07.04"]
[Round "6"]
[White "SlimeDog2"]
[Black "ausya"]
[Result "1-0"]
[WhiteElo "2037"]
[BlackElo "1763"]
[Opening "English opening"]
[ECO "A05"]
[Time "21:06:01"]
[TimeControl "2700+45"]

1. Nf3 Nf6 2. c4 g6 3. g3 Bg7 4. d4 c5 5. d5 b5 6. cxb5 a6 7. bxa6 Bxa6 8. Nc3
d6 9. Bg2 Nbd7 10. Rb1 O-O 11. O-O Nb6 12. b3 Ne8 13. Bb2 Nc7 14. Qd2 Ra7 15.
Rfe1 Qa8 16. e4 Rb8 17. h4 h5 18. e5 Nbxd5 19. exd6 exd6 20. Nxd5 Qxd5 21. Nd4
Qxd4 22. Bxd4 Bxd4 23. Re7 Be5 24. Qa5 Rb5 25. Rxc7 Rxa5 26. Rxa7 Bd3 27. Rxa5
Bxb1 28. Bd5 Kf8 29. Ra7 f6 30. a4 Ke8 31. a5 Bd4 32. a6 c4 33. Ra8+ Kd7 34.
bxc4 Kc7 35. a7 Kb6 36. Rb8+ Kxa7 37. Rxb1 {Black resigns} 1-0

[Event "Team 45 45 League T61"]
[Site "Internet Chess Club"]
[Date "2014.07.07"]
[Round "6"]
[White "juniorVishy"]
[Black "jt2000"]
[Result "1-0"]
[WhiteElo "1819"]
[BlackElo "1987"]
[Opening "QGD: classical variation (5.Bf4)"]
[ECO "D31"]
[Time "19:06:04"]
[TimeControl "2700+45"]

1. d4 d5 2. c4 e6 3. Nc3 Be7 4. Nf3 Nf6 5. Bf4 O-O 6. e3 Nbd7 7. cxd5 exd5 8.
Bd3 c5 9. O-O a6 10. Re1 h6 11. h3 Nb6 12. dxc5 Bxc5 13. Rc1 Bd6 14. Bxd6 Qxd6
15. Nd4 Be6 16. Nf5 Bxf5 17. Bxf5 Rad8 18. Qd4 Rfe8 19. Red1 Re5 20. Bb1 Nc8 21.
b4 Ree8 22. b5 Ne7 23. Bd3 Rd7 24. bxa6 bxa6 25. Rb1 Rc8 26. Rb6 Rc6 27. Rdb1
Rdc7 28. Bxa6 Nd7 29. Rxc6 Qxc6 30. Bb5 Qxc3 31. Qxc3 Rxc3 32. Bxd7 Rc2 33. Rb8+
Kh7 34. Re8 Ng6 35. a4 Ra2 36. Ra8 Ne5 37. Bb5 Nc4 38. Bc6 Nd2 39. f3 Nb1 40.
Bxd5 Re2 41. Be4+ g6 42. Bxb1 Re1+ 43. Kf2 Rxb1 44. a5 Ra1 45. a6 Kg7 46. e4 Kf6
47. f4 Ra3 48. a7 Ke7 49. g4 Kf6 50. e5+ Ke7 51. h4 h5 52. gxh5 gxh5 53. f5 Kd7
54. Rf8 {Black resigns} 1-0

[Event "Team 45 45 League T61"]
[Site "Internet Chess Club"]
[Date "2014.07.06"]
[Round "6"]
[White "freakypawn"]
[Black "divy7"]
[Result "1-0"]
[WhiteElo "1749"]
[BlackElo "1614"]
[Opening "Nimzo-Indian: Leningrad variation"]
[ECO "E30"]
[Time "11:00:46"]
[TimeControl "2700+45"]

1. d4 Nf6 2. c4 e6 3. Nc3 Bb4 4. Bg5 h6 5. Bh4 Be7 6. e4 Nxe4 7. Bxe7 Nxc3 8.
Bxd8 Nxd1 9. Bxc7 Nxb2 10. a4 Nc6 11. Nf3 Nb4 12. Rb1 Na6 13. Be5 Nxa4 14. Bxg7
Rh7 15. Bf6 Nc3 16. Bd3 Nxb1 17. Bxh7 Nc3 18. Kd2 Na2 19. Bg7 h5 20. Ne5 N2b4
21. Bg8 Nc6 22. Bxf7+ Ke7 23. Bxh5 Nxe5 24. dxe5 b6 25. Bf3 Rb8 26. h4 Nc5 27.
h5 Kf7 28. h6 Bb7 29. Bxb7 Nxb7 30. g4 Nc5 31. f3 Kg6 32. Bf6 Kh7 33. g5 a5 34.
g6+ Kxg6 35. h7 d6 36. h8=Q Rxh8 37. Rxh8 dxe5 38. Bxe5 a4 39. Ra8 Kf5 40. Bd6
Nb3+ 41. Kc3 {Black resigns} 1-0

[Event "Team 45 45 League T61"]
[Site "Internet Chess Club"]
[Date "2014.07.04"]
[Round "6"]
[White "Jack-ONeill"]
[Black "NFork"]
[Result "0-1"]
[WhiteElo "2058"]
[BlackElo "2163"]
[Opening "Caro-Kann: exchange variation"]
[ECO "B13"]
[Time "13:05:04"]
[TimeControl "2700+45"]

1. e4 c6 2. d4 d5 3. exd5 cxd5 4. Bd3 Nc6 5. c3 Qc7 6. h3 e5 7. dxe5 Nxe5 8.
Bb5+ Bd7 9. Bxd7+ Nxd7 10. Ne2 Ngf6 11. Bf4 Qb6 12. Qb3 Qxb3 13. axb3 Nc5 14.
Nc1 Be7 15. Nd2 O-O 16. O-O Rfe8 17. Nf3 Bf8 18. Nd4 a6 19. b4 Ne6 20. Be3 Nxd4
21. Bxd4 Ne4 22. Nb3 Nd6 23. Rfe1 Nc4 24. Na5 Rxe1+ 25. Rxe1 b5 26. Nxc4 dxc4
27. Re5 Rd8 28. Bc5 Bxc5 29. Rxc5 Rd1+ 30. Kh2 Kf8 31. Rc6 Ra1 32. Rc7 Ra2 33.
Ra7 g5 34. f3 Kg7 35. Kg3 Kg6 36. h4 h6 37. hxg5 hxg5 38. f4 f6 39. fxg5 Kxg5
40. Kf3 Rxb2 41. Rxa6 Rb3 42. Rb6 Rxc3+ 43. Kf2 Kg4 44. Rxb5 Rc2+ 45. Kf1 Rb2
46. Rb6 f5 47. Rg6+ Kf4 {White resigns} 0-1

[Event "Team 45 45 League T61"]
[Site "Internet Chess Club"]
[Date "2014.07.05"]
[Round "6"]
[White "SlimeDog2"]
[Black "Ptzz"]
[Result "1/2-1/2"]
[WhiteElo "2038"]
[BlackElo "2059"]
[Opening "QGD Slav: 4.e3"]
[ECO "D11"]
[Time "14:03:12"]
[TimeControl "2700+45"]

1. Nf3 Nf6 2. c4 c6 3. d4 d5 4. e3 g6 5. Nc3 Bg7 6. Bd3 a6 7. O-O O-O 8. a4 Re8
9. e4 dxe4 10. Nxe4 Nxe4 11. Bxe4 Bg4 12. Be3 f5 13. Bc2 e5 14. dxe5 Qxd1 15.
Rfxd1 Bxe5 16. Ra3 f4 17. Bc1 Nd7 18. h3 Bxf3 19. Rxf3 Nc5 20. Bxf4 Bxb2 21. Be3
Ne4 22. Rd7 Nf6 23. Rxb7 Rab8 24. Ra7 Ra8 25. Rxa8 Rxa8 26. Bg5 Kg7 27. Rb3 Bd4
28. Rb7+ Kg8 29. Kf1 Re8 30. Rc7 Re6 31. g4 c5 32. Bh6 Ne8 33. Ra7 Rf6 34. f4
Re6 35. f5 gxf5 36. g5 Re3 37. Rxa6 Rf3+ 38. Ke1 Re3+ 39. Kd2 f4 40. Bd3 Rxh3
41. Ra8 Rh2+ 42. Ke1 Kf7 43. Bxh7 f3 44. g6+ Ke7 45. Bg5+ Nf6 46. g7 f2+ 47. Ke2
Rh1 48. Ra7+ Kd6 49. Ra6+ Kc7 50. Rxf6 Re1+ 51. Kd2 Bxf6 52. Bf4+ Be5 53. Bxe5+
Rxe5 54. g8=Q f1=Q 55. Bd3 Qf2+ 56. Kc3 Qd4+ 57. Kc2 Re7 58. Qa8 Rg7 59. Qa7+
Kd6 60. Qb8+ Ke6 61. Qe8+ Kf6 62. Qe4 Qf2+ 63. Kc3 Rg2 64. Qc6+ Kg5 65. Qg6+ Kh4
66. Qh6+ Kg3 67. Qg5+ Kh2 68. Qh5+ Kg3 69. Qg5+ Kh3 70. Qh5+ Qh4 71. Qxh4+ Kxh4
72. Be4 Rg3+ 73. Kb2 Kg5 74. a5 Kf4 75. Bb7 Re3 76. a6 Re2+ 77. Kb3 Re3+ 78. Ka4
Re1 79. Kb5 Ra1 80. Kxc5 Ke5 81. Kc6 Kd4 82. c5 Kc4 83. Kd6 Rd1+ 84. Kc6 Ra1 85.
Kb6 Rb1+ 86. Kc6 Ra1 {Game drawn by repetition} 1/2-1/2

[Event "Team 45 45 League T61"]
[Site "Internet Chess Club"]
[Date "2014.07.04"]
[Round "6"]
[White "Holgate"]
[Black "cysk"]
[Result "1/2-1/2"]
[WhiteElo "2039"]
[BlackElo "1826"]
[Opening "Scandinavian: Pytel-Wade variation"]
[ECO "B01"]
[Time "08:11:27"]
[TimeControl "2700+45"]

1. e4 d5 2. exd5 Qxd5 3. Nc3 Qd6 4. d4 Nf6 5. Nf3 a6 6. g3 Bg4 7. h3 Bh5 8. Bg2
Nc6 9. O-O O-O-O 10. Bf4 Qb4 11. g4 Bg6 12. a3 Qxb2 13. Qe1 Qxc2 14. Rc1 Qb3 15.
d5 Nxd5 16. Nxd5 Rxd5 17. Ne5 e6 18. Nxc6 bxc6 19. Bxd5 Qxd5 20. Qe3 Qe4 21.
Rxc6 Qxc6 22. Rc1 Qb7 23. Rxc7+ Qxc7 24. Bxc7 Kxc7 25. Qa7+ Kd8 26. Qb8+ Kd7 27.
Qb7+ Kd8 28. Qb8+ Kd7 29. Qb7+ Kd8 {Game drawn by mutual agreement} 1/2-1/2

[Event "Team 45 45 League T61"]
[Site "Internet Chess Club"]
[Date "2014.07.05"]
[Round "6"]
[White "Portola"]
[Black "Tobiasdelmonte"]
[Result "0-1"]
[WhiteElo "1751"]
[BlackElo "1903"]
[Opening "Queen's pawn game"]
[ECO "A45"]
[Time "09:03:37"]
[TimeControl "2700+45"]

1. d4 Nf6 2. c3 d5 3. Bf4 e6 4. Nf3 Nbd7 5. e3 c5 6. Bd3 Ke7 7. Nbd2 g6 8. O-O
Bg7 9. e4 dxe4 10. Nxe4 Nxe4 11. Bxe4 Nf6 12. Qe2 cxd4 13. cxd4 Re8 14. Rfd1 Kf8
15. h3 Nxe4 16. Qxe4 Qd5 17. Qd3 Bd7 18. Ne5 Bb5 19. Qd2 Red8 20. Qb4+ Kg8 21.
Qe7 Rf8 22. Ng4 Bc6 23. Ne3 Qe4 24. Qg5 Bxd4 25. Rxd4 Qxd4 26. Rd1 Qxb2 27. Ng4
f6 28. Qc5 Qe2 29. Rf1 Qe4 30. Nxf6+ Rxf6 31. f3 Qxf4 {White resigns} 0-1

[Event "Team 45 45 League T61"]
[Site "Internet Chess Club"]
[Date "2014.07.07"]
[Round "6"]
[White "santiagoelawad"]
[Black "LiangLiang"]
[Result "1/2-1/2"]
[WhiteElo "1965"]
[BlackElo "1854"]
[Opening "English: Anglo-Grünfeld defense"]
[ECO "A16"]
[Time "18:00:15"]
[TimeControl "2700+45"]

1. c4 Nf6 2. Nc3 d5 3. cxd5 Nxd5 4. e4 Nxc3 5. dxc3 Qxd1+ 6. Kxd1 e6 7. Be3 Be7
8. Kc2 O-O 9. Bc4 b6 10. Nf3 Bb7 11. Nd2 Rd8 12. f3 c5 13. a4 Nc6 14. Rhd1 h6
15. Be2 Rac8 16. Nc4 Ba6 17. Rxd8+ Rxd8 18. Rd1 Rxd1 19. Kxd1 Kf8 20. Kd2 Ke8
21. Nd6+ Bxd6 22. Bxa6 Bxh2 23. Kd3 Kd7 24. Bf2 Bd6 25. Bb5 Kc7 26. Ke3 g5 27.
g3 e5 28. g4 Kb7 29. Kd3 a6 30. Bc4 f6 31. Bd5 b5 32. axb5 axb5 33. c4 b4 34. b3
Kc7 35. Bxc6 Kxc6 36. Ke2 Kd7 37. Kf1 Ke6 38. Kg2 Kf7 39. Be3 Kg6 40. Kh3 h5 41.
Bf2 hxg4+ {Game drawn by mutual agreement} 1/2-1/2

[Event "Team 45 45 League T61"]
[Site "Internet Chess Club"]
[Date "2014.07.08"]
[Round "6"]
[White "DouDou"]
[Black "Baseta"]
[Result "1/2-1/2"]
[WhiteElo "1841"]
[BlackElo "1824"]
[Opening "French: Rubinstein variation"]
[ECO "C03"]
[Time "11:00:50"]
[TimeControl "2700+45"]

1. e4 e6 2. d4 d5 3. Nd2 dxe4 4. Nxe4 Nd7 5. Nf3 Be7 6. Bd3 Ngf6 7. Nxf6+ Nxf6
8. O-O c5 9. Bf4 O-O 10. Qd2 b6 11. c4 Bb7 12. Be2 cxd4 13. Nxd4 Bc5 14. Rad1
Qe7 15. Bg3 Ne4 16. Qd3 Nxg3 17. hxg3 Rfd8 18. Qc3 Qf6 19. Nb5 Qxc3 {Game drawn
by mutual agreement} 1/2-1/2

[Event "Team 45 45 League T61"]
[Site "Internet Chess Club"]
[Date "2014.07.05"]
[Round "6"]
[White "frank001"]
[Black "hood"]
[Result "1-0"]
[WhiteElo "1777"]
[BlackElo "1880"]
[Opening "Grünfeld: exchange variation"]
[ECO "D85"]
[Time "22:04:36"]
[TimeControl "2700+45"]

1. d4 Nf6 2. c4 g6 3. Nc3 d5 4. cxd5 Nxd5 5. e4 Nxc3 6. bxc3 Bg7 7. Qa4+ Bd7 8.
Qa3 O-O 9. Bg5 Re8 10. Nf3 h6 11. Bh4 Bg4 12. Nd2 c6 13. Bc4 Qc7 14. f3 Bc8 15.
Bg3 Qd7 16. Qb3 e6 17. a4 b6 18. h4 Kh7 19. h5 g5 20. e5 Kh8 21. Qc2 b5 22. axb5
cxb5 23. Ba2 f5 24. exf6 Bxf6 25. Ne4 Bd8 26. Nc5 Qf7 27. Qe4 Na6 28. Qxa8 Nxc5
29. Qxc8 Nd3+ 30. Kd2 Nf4 31. Qc6 b4 32. cxb4 Bb6 33. Qe4 Rd8 34. Bf2 Qf6 35.
Bb1 Qg7 36. Ke1 Nxg2+ 37. Kf1 Nh4 38. Bc2 Nf5 39. Rd1 Nxd4 40. Bg3 Rd5 41. Kg2
Rf5 42. Rhf1 Rf4 43. Qd3 Nf5 44. Kh2 Nxg3 45. Kxg3 Bc7 46. Kf2 g4 47. Ke2 gxf3+
48. Rxf3 Qg2+ 49. Ke1 Rf5 50. Rxf5 Bg3+ 51. Qxg3 Qxg3+ 52. Rf2 Qc3+ 53. Kf1 Qxb4
54. Rd8+ Kg7 55. Rd7+ Kg8 56. Rd8+ Kg7 57. Bg6 Qc4+ 58. Rd3 Qc1+ 59. Kg2 Qg5+
60. Rg3 Qxg3+ 61. Kxg3 a5 62. Rf7+ Kg8 63. Ra7 a4 64. Rxa4 e5 65. Kf3 e4+ 66.
Kxe4 Kh8 67. Kf5 Kg8 68. Kf6 Kh8 69. Ra8# {Black checkmated} 1-0

[Event "Team 45 45 League T61"]
[Site "Internet Chess Club"]
[Date "2014.07.07"]
[Round "6"]
[White "Barrett-CCSCSL"]
[Black "M-Ezat"]
[Result "0-1"]
[WhiteElo "2108"]
[BlackElo "2245"]
[Opening "Queen's pawn game"]
[ECO "A46"]
[Time "17:42:45"]
[TimeControl "2700+45"]

1. d4 Nf6 2. Nf3 c5 3. e3 cxd4 4. exd4 d5 5. Be2 Bg4 6. O-O Nc6 7. Bf4 e6 8.
Nbd2 Bd6 9. Bxd6 Qxd6 10. c3 O-O 11. Re1 Rab8 12. h3 Bxf3 13. Bxf3 b5 14. Nb3 b4
15. Nc5 bxc3 16. bxc3 Nd7 17. Nxd7 Qxd7 18. Qa4 Ne5 19. Qxd7 Nxd7 20. Rab1 Rfc8
21. Rxb8 Rxb8 22. Rc1 Nb6 23. Rb1 Rc8 24. Rb3 Rc4 25. Be2 Ra4 26. a3 Kf8 27. Bb5
Ra5 28. Kf1 Ke7 29. Ke2 Kd6 30. Kd3 Kc7 31. g3 f6 32. Kc2 e5 33. Kd2 a6 34. Bd3
Ra4 35. Ke3 exd4+ 36. cxd4 Nc4+ 37. Bxc4 dxc4 38. Rc3 Kd6 39. Ke4 f5+ 40. Ke3
Kd5 41. h4 g6 42. f3 Ra5 43. f4 Rb5 {White resigns} 0-1

[Event "Team 45 45 League T61"]
[Site "Internet Chess Club"]
[Date "2014.07.05"]
[Round "6"]
[White "M-Abotreka"]
[Black "Pomberito"]
[Result "0-1"]
[WhiteElo "1978"]
[BlackElo "2151"]
[Opening "QGD semi-Slav: Meran, Wade variation"]
[ECO "D47"]
[Time "08:08:51"]
[TimeControl "2700+45"]

1. d4 c6 2. c4 d5 3. Nc3 Nf6 4. e3 e6 5. Nf3 Nbd7 6. Bd3 dxc4 7. Bxc4 b5 8. Bd3
Bb7 9. a3 b4 10. axb4 Bxb4 11. O-O O-O 12. e4 h6 13. e5 Nd5 14. Bd2 a5 15. Qe2
Re8 16. Qe4 Nf8 17. Qg4 Kh8 18. Rfd1 c5 19. Ne4 f5 20. exf6 Nxf6 21. Nxf6 Qxf6
22. Be4 Bxe4 23. Qxe4 Rac8 24. Bf4 cxd4 25. Qe5 Ng6 26. Qxf6 gxf6 27. Bxh6 e5
28. Rac1 Kh7 29. Bd2 Bxd2 30. Nxd2 Nf4 31. Ra1 Rc2 32. Rxa5 Rxb2 33. Ne4 Kg6 34.
Ra6 Re6 35. Ra8 Reb6 36. g3 Rb1 37. Ra1 Rxd1+ 38. Rxd1 Kf5 39. f3 Nd5 40. h4 Ne3
41. Ra1 Kg6 42. g4 f5 43. h5+ Kh6 44. gxf5 Nxf5 45. Ra5 Rb1+ 46. Kh2 Rf1 47.
Rxe5 Rxf3 48. Rd5 Rf4 49. Nd6 Ne3 50. Nf7+ Rxf7 51. Rxd4 Kxh5 52. Ra4 Rf3 53.
Rb4 Ng4+ 54. Kg2 Ra3 55. Rb8 Kg5 56. Rg8+ Kf5 57. Rf8+ Nf6 58. Kf2 Ke5 59. Ke2
Nd5 60. Rh8 Nf4+ 61. Kd2 Kd4 62. Rh4 Ra2+ 63. Kc1 Kc3 64. Kb1 Rb2+ 65. Ka1 Rf2
66. Rh8 Nd3 67. Rh3 Rd2 68. Kb1 Kb3 69. Rh1 Nf2 70. Re1 Ne4 71. Rxe4 Rd1# {White
checkmated} 0-1

[Event "Team 45 45 League T61"]
[Site "Internet Chess Club"]
[Date "2014.07.06"]
[Round "6"]
[White "BigH"]
[Black "AmrSobh"]
[Result "1/2-1/2"]
[WhiteElo "2058"]
[BlackElo "2199"]
[Opening "Queen's pawn, Mason variation"]
[ECO "D00"]
[Time "14:07:25"]
[TimeControl "2700+45"]

1. d4 d5 2. Bf4 Nf6 3. e3 Bg4 4. f3 Bc8 5. Bg3 Bf5 6. Bd3 Bxd3 7. Qxd3 c6 8. Nd2
e6 9. Ne2 Bd6 10. O-O-O Bxg3 11. hxg3 Qa5 12. Kb1 Qa6 13. Nf4 Qxd3 14. Nxd3 Na6
15. c4 O-O-O 16. c5 Nd7 17. Rc1 h6 18. a3 Rhe8 19. f4 f6 20. Nf3 Nab8 21. Rh5
Re7 22. Ka2 Rde8 23. b4 f5 24. Nf2 Nf6 25. Rhh1 Nbd7 26. Rc3 Ne4 {Game drawn by
mutual agreement} 1/2-1/2

[Event "Team 45 45 League T61"]
[Site "Internet Chess Club"]
[Date "2014.07.03"]
[Round "6"]
[White "egyptiantiger"]
[Black "PoisonPawn"]
[Result "0-1"]
[WhiteElo "1994"]
[BlackElo "2059"]
[Opening "Bogo-Indian defense, Nimzovich variation"]
[ECO "E11"]
[Time "18:06:38"]
[TimeControl "2700+45"]

1. d4 Nf6 2. c4 e6 3. Nf3 Bb4+ 4. Bd2 Qe7 5. Nc3 Bxc3 6. Bxc3 Ne4 7. Rc1 O-O 8.
e3 Nxc3 9. Rxc3 d6 10. Be2 Nd7 11. O-O e5 12. e4 c5 13. dxe5 dxe5 14. Qd5 Re8
15. Ne1 Nf8 16. Qd2 Ne6 17. Nc2 Nd4 18. Ne3 Be6 19. Nd5 Bxd5 20. cxd5 Qd6 21.
Rg3 b5 22. Bd1 c4 23. a3 f6 24. h4 Kh8 25. h5 h6 26. Bg4 a5 27. Rc1 Nb3 28. Qd1
Nxc1 29. Qxc1 Re7 30. Bf5 Rc7 31. Qd1 b4 32. Qg4 g5 33. hxg6 Kg7 34. Qd1 c3 35.
Qc1 c2 36. Rh3 Rh8 37. Rd3 Rb8 38. Rh3 Rh8 39. Rd3 Rd8 40. Rh3 Rh8 41. Rd3 bxa3
42. Rxa3 Qa6 43. Re3 a4 44. Bg4 h5 45. Be2 Qa5 46. d6 Rc6 47. Rd3 Qd8 48. d7 Rc7
49. Rc3 Rxc3 50. bxc3 Qxd7 51. Qxc2 a3 52. Qa2 Qe7 53. Bc4 Kxg6 54. Be6 Rb8 55.
Bf5+ Kg7 56. Qe2 Qf7 57. g4 a2 58. gxh5 a1=Q+ 59. Kg2 Qc1 {White resigns} 0-1

[Event "Team 45 45 League T61"]
[Site "Internet Chess Club"]
[Date "2014.07.06"]
[Round "6"]
[White "xwang1"]
[Black "RaiseTheCurve"]
[Result "1/2-1/2"]
[WhiteElo "2017"]
[BlackElo "2243"]
[Opening "Alekhine's defense: exchange variation"]
[ECO "B03"]
[Time "22:03:37"]
[TimeControl "2700+45"]

1. e4 Nf6 2. e5 Nd5 3. d4 d6 4. c4 Nb6 5. exd6 exd6 6. Nc3 Be7 7. Be3 Nc6 8. Be2
O-O 9. Nf3 Bf6 10. O-O Bf5 11. Rc1 Re8 12. b3 a5 13. d5 Nb4 14. Nd4 Bg6 15. Qd2
Nd7 16. a3 Na6 17. f4 h6 18. Rf3 Nac5 19. Bd1 Nd3 20. Ra1 N7c5 21. Bc2 Qe7 22.
Kh1 Nxf4 {Game drawn by mutual agreement} 1/2-1/2

[Event "Team 45 45 League T61"]
[Site "Internet Chess Club"]
[Date "2014.07.05"]
[Round "6"]
[White "Happybear"]
[Black "perikitosax"]
[Result "0-1"]
[WhiteElo "1870"]
[BlackElo "2032"]
[Opening "Sicilian: closed, 6.Be3"]
[ECO "B26"]
[Time "11:37:20"]
[TimeControl "2700+45"]

1. e4 c5 2. Nc3 Nc6 3. g3 g6 4. Bg2 Bg7 5. d3 d6 6. Be3 e5 7. Nge2 Nge7 8. O-O
O-O 9. Qd2 Nd4 10. a4 f5 11. f3 Be6 12. Nc1 f4 13. Bxd4 cxd4 14. Nd1 g5 15. b4
Rc8 16. g4 Kf7 17. b5 h5 18. h3 hxg4 19. hxg4 Rh8 20. Rb1 Bf6 21. Nb3 Qf8 22.
Kf2 Rh2 23. c4 dxc3 24. Nxc3 Qh6 25. Rg1 Qh4+ 26. Kf1 Qg3 27. Ne2 Qh4 28. Qe1
Ng6 29. Na5 Qxe1+ 30. Kxe1 Nh4 31. Bh1 Rc2 32. Nc1 Bd8 33. Nxb7 Bb6 34. Rf1 Ke7
35. a5 Be3 36. Kd1 Bxc1 37. b6 Be3 38. Nxd6 Rcd2+ 39. Kc1 Rb2+ 40. Kd1 Rxb1#
{White checkmated} 0-1